AoeStats
← amjedballer

Arena

505174600Analyzed
2v2 RM · 23d ago on Sep 8, 2026· 49m 0s· 4 players
Game mode
Random Map
Map size
Medium (4 player)
Population
200
Speed
Normal
Resources
Standard
Victory
Conquest
Starting age
Dark Age
Ending age
Imperial Age
RankedLock teamsTeams togetherTeam positionsShared explorationLock speedFull tech treeHidden civsTurbo modeCheats
Victory
Defeat
🇺🇸 Gurjaras · United States
1010
+17
🇺🇸 Khmer · United States
1007
+17
🇳🇿 Khitans · New Zealand
1049
-19
🇦🇷 Bohemians · Argentina
993
-15
amjedballer
7:47 Loom
9:52 Feudal Age
11:17 Double-Bit Axe
11:52 Gold Mining
16:55 Fletching
17:05 Padded Archer Armor
23:18 Castle Age
23:14 Wheelbarrow
23:26 Crossbowman
25:42 Bow Saw
25:36 Bodkin Arrow
25:59 Hand Cart
25:49 Stone Mining
26:50 Gold Shaft Mining
26:07 Horse Collar
27:17 Town Watch
31:54 Town Patrol
32:26 Leather Archer Armor
39:54 Ballistics
39:32 Light Cavalry
40:25 Bloodlines
40:18 Husbandry
40:37 Forging
40:32 Scale Barding Armor
43:34 Imperial Age
42:35 Iron Casting
44:09 Arbalester
45:26 Ring Archer Armor
49:25 Chemistry
48:37 Masonry
48:22 Murder Holes
47:54 Hussar
Dick Johnson
11:31 Feudal Age
11:07 Loom
15:06 Castle Age
25:25 Double-Bit Axe
25:50 Horse Collar
34:02 Imperial Age
37:58 Chemistry
37:19 Ballistics
39:54 Heavy Camel Rider
40:35 Husbandry
40:46 Bloodlines
49:09 Scale Barding Armor
49:15 Forging
Emaime
9:59 Feudal Age
12:21 Horse Collar
12:36 Double-Bit Axe
12:44 Horse Collar
15:05 Castle Age
18:06 Redemption
19:10 Fervor
19:22 Sanctity
23:48 Pikeman
Wrecking Ball Paul
11:22 Feudal Age
15:21 Castle Age
15:35 Double-Bit Axe
15:34 Domestication
15:48 Stone Mining
15:50 Gold Mining
20:05 Squires
22:29 Wheelbarrow
21:39 Loom
22:13 Scale Mail Armor
25:01 Man-at-Arms
27:50 Forging
32:03 Stone Shaft Mining
31:22 Gambesons
35:49 Imperial Age
33:02 Pikeman
35:10 Lamellar Armor
36:35 Chain Mail Armor
36:56 Iron Casting
38:42 Heavy Rocket Cart
39:40 Light Cavalry
44:15 Capped Ram
Connection lost

Rejoining the realm…

Still unreachable

The connection could not be restored.

Session expired

The server has moved on; the page needs a fresh start.